 Dungeon Crawl Stone Soup version 0.29-a0-2-g12fcac58f8 (webtiles) character file.

Game seed: 14377921064879445178

221 HallandMoats the Skirmisher (level 5, -12/47 HPs)
             Began as a Ghoul Monk on Jan 27, 2022.
             Was a Believer of Qazlal.
             Mangled by an ogre (30 damage)
             ... on level 4 of the Dungeon.
             The game lasted 00:03:34 (3051 turns).

HallandMoats the Skirmisher (Ghoul Monk)            Turns: 3051, Time: 00:03:35

Health: -12/47     AC:  7    Str: 15    XL:     5   Next: 98%
Magic:  4/4        EV: 11    Int:  5    God:    Qazlal [**....]
Gold:   196        SH:  2    Dex: 13    Spells: 4/4 levels left

rFire   . . .      SeeInvis .   n - +3 whip (venom)
rCold   + . .      Faith    .   (no shield)
rNeg    + + +      Spirit   .   j - +0 ring mail
rPois   ∞          Reflect  .   (no helmet)
rElec   .          Harm     .   (no cloak)
rCorr   .          Rampage  .   (no gloves)
Will    .....                   i - +1 pair of boots
Stlth   +.........              (no amulet)
HPRegen 0.00/turn               (no ring)
MPRegen 0.09/turn               (no ring)

@: inhibited regen
A: claws 1, cold resistance 1, negative energy resistance 3, inhibited
regeneration, torment resistance 2
a: Renounce Religion, Upheaval


You were on level 4 of the Dungeon.
You worshipped Qazlal.
Qazlal was pleased with you.
You visited 1 branch of the dungeon, and saw 4 of its levels.

You collected 196 gold pieces.

Inventory:

Hand Weapons
 n - a +3 whip of venom (weapon)
 r - a +1 lajatang of electrocution
Missiles
 h - a throwing net (quivered)
Armour
 i - a +1 pair of boots (worn)
 j - a +0 ring mail (worn)
Jewellery
 k - a +4 ring of protection
 m - a +6 ring of intelligence
Scrolls
 a - a scroll of holy word {unknown}
 c - a scroll of noise {unknown}
 d - a scroll of magic mapping {unknown}
 e - 2 scrolls of vulnerability {unknown}
 f - 5 scrolls of identify {unknown}
 l - a scroll of fog {unknown}
 o - a scroll of acquirement {unknown}
 p - a scroll of enchant weapon {unknown}
Potions
 b - a potion of invisibility {unknown}
 g - 2 potions of lignification {unknown}
 q - a potion of curing {unknown}


   Skills:
 * Level 4.8 Fighting
 + Level 1.8 Armour
 + Level 3.3 Dodging
 - Level 2.1 Stealth
 * Level 4.7 Unarmed Combat
 * Level 1.0 Invocations


You had 4 spell levels left.
You didn't know any spells.
Your spell library contained the following spells:

 Spells                   Type           Power      Damage    Failure   Level
 Inner Flame              Hex/Fire       0%         N/A       97%         3
 Cause Fear               Hex            0%         N/A       100%        4
 Discord                  Hex            0%         N/A       100%        8


Dungeon Overview and Level Annotations

Branches:
Dungeon (4/15)
 Temple: D:4-7

Altars:
Cheibriados
Gozag
Qazlal
Uskayaw

Shops:
D:1 =


Innate Abilities, Weirdness & Mutations

You thrive by killing the living.
You are immune to poison.
You have sharp fingernails.
Your flesh is cold resistant. (rC+)
You are immune to negative energy. (rN+++)
You do not regenerate when monsters are visible.
You are immune to unholy pain and torment.


Message History

You hit the bullfrog.
The bullfrog looks even sicker.
The bullfrog is severely wounded.
The bullfrog hits you. The bullfrog hits you!
You hit the bullfrog.
The bullfrog looks as sick as possible!
The bullfrog is severely wounded.
The bullfrog hits you.
You closely miss the bullfrog.
The bullfrog is almost dead.
The bullfrog hits you. x2
You are too injured to fight recklessly!
You are too injured to fight recklessly!
You are too injured to fight recklessly!
You are too injured to fight recklessly!
You are too injured to fight recklessly!
You are too injured to fight recklessly!
You are too injured to fight recklessly!
You are too injured to fight recklessly!
A bullfrog is nearby!
A bullfrog is nearby!
A bullfrog is nearby!
A bullfrog is nearby!
You closely miss the bullfrog.
You claw the bullfrog, but do no damage.
The bullfrog is almost dead.
You kill the bullfrog!
Qazlal accepts your kill.
You feel better.
Your Invocations skill increases to level 1!
An ogre comes into view. It is wielding a +0 giant spiked club.
An ogre is nearby!
An ogre is nearby!
An ogre is nearby!
An ogre is nearby!
The ogre hits you with a +0 giant spiked club!
You barely miss the ogre. You hit the ogre.
The ogre is poisoned.
You claw the ogre.
The ogre is moderately wounded.
The ogre hits you with a +0 giant spiked club!!
Ouch! That really hurt!
You die...

#....##......#
#...###......#
#....##......#
+......####### #. .
#......#.....# ... ...
##+#...#.._..# ....
.....##.#...##...##...
....?..).......°...#
.......##.).#...@O.#
............#......#
...................#
...........$.......#
..............)....#
....................#
...........++.......#
.........##.......#
###.... #.........


You could see an ogre (very poisoned).

Vanquished Creatures
  A bullfrog (D:4)
  Terence (D:2)
  4 gnolls
  3 adders (D:2)
  2 worms
  2 dart slugs (D:2)
  An orc (D:4)
  5 ball pythons
  4 bats (D:1)
  6 endoplasms
  A giant cockroach (D:3)
  5 goblins
  7 hobgoblins
  7 kobolds
  A quokka (D:1)
  3 frilled lizards
  7 rats
60 creatures vanquished.

Notes
Turn   | Place    | Note
-------+----------+-------------------------------------------
     0 | D:1      | HallandMoats the Ghoul Monk began the quest for the Orb.
     0 | D:1      | Reached XP level 1. HP: 19/19 MP: 0/0
   132 | D:1      | Reached XP level 2. HP: 26/26 MP: 1/1
   477 | D:1      | Found Ekuil's Jewellery Shop.
   486 | D:1      | Reached XP level 3. HP: 33/33 MP: 2/2
   545 | D:2      | Found an opulent altar of Gozag.
   918 | D:2      | Reached skill level 1 in Armour
  1006 | D:2      | Reached XP level 4. HP: 35/40 MP: 3/3
  1384 | D:1      | HP: 1/40 [gnoll (12)]
  2295 | D:2      | Noticed Terence
  2301 | D:2      | Killed Terence
  2302 | D:2      | Reached XP level 5. HP: 47/47 MP: 4/4
  2536 | D:3      | Found a large runed translucent door.
  2539 | D:3      | Found a large runed translucent door.
  2631 | D:3      | Found a faded altar of an unknown god.
  2915 | D:3      | Found a hide-covered altar of Uskayaw.
  2929 | D:3      | Found a stormy altar of Qazlal.
  2936 | D:3      | Became a worshipper of Qazlal Stormbringer
  2936 | D:3      | Reached * piety under Qazlal
  2936 | D:3      | Reached ** piety under Qazlal
  2987 | D:4      | Found a snail-covered altar of Cheibriados.
  2998 | D:4      | Reached skill level 1 in Invocations
  3046 | D:4      | Noticed an ogre
  3051 | D:4      | Mangled by an ogre

Illustrated notes

Levels and vault maps discovered:
D:1:      roderic_dead_forest, layout_rooms, serial_shops, shop
D:2:      layout_loops_cross, basic_altar, kennysheep_cross_room, uniq_terence
D:3:      layout_basic, jmf_multi_god_temple2, shapermc_ecumenical_altar_venn,
          chequers_serial_rivers_micro_a, corexii_hall_statues_x,
          minmay_misc_feat_hallway
D:4:      layout_basic, gammafunk_temple_overflow_elements,
          mainiacjoe_overflow_alcove_1, minmay_temple_entry_large_hall

Skill      XL: |  1  2  3  4  5 |
---------------+----------------+-----
Armour         | 1 |  1.8
Fighting       | 4 |  4.8
Dodging        | 3 |  3.3
Unarmed Combat | 4 |  4.7
Invocations    | 1 |  1.0
Stealth        | |  2.1

Action                   |  1- 3 |  4- 6 || total
-------------------------+-------+-------++-------
Melee: Unarmed           |    73 |    58 ||   131
       Punch             |       |     6 ||     6
       Whip              |       |    25 ||    25
 Stab: Sleeping          |     3 |     1 ||     4
Armor: Robe              |    10 |     5 ||    15
       Ring mail         |       |    10 ||    10
Dodge: Dodged            |    48 |    40 ||    88
Block: Other             |       |     1 ||     1

Table legend: (Time is in decaauts)
 A = Elapsed time spent in this place.
 B = Non-inter-level travel time spent in this place.
 C = Inter-level travel time spent in this place.
 D = Time resting spent in this place.
 E = Time spent auto-exploring this place.
 F = Levels seen in this place.
 G = Mean time per level.
                   A        B        C        D        E       F      G
               +--------+--------+--------+--------+--------+-----+--------+
         Total |   3046 |   2959 |     87 |    679 |   1754 |   4 |  761.5 |
       Dungeon |   3046 |   2959 |     87 |    679 |   1754 |   4 |  761.5 |
               +--------+--------+--------+--------+--------+-----+--------+

Top non-repeatable levels by time:
     D:2: 1281 daAuts
     D:1: 1152 daAuts
     D:3: 519 daAuts
     D:4: 93 daAuts
